 Dungeon Crawl Stone Soup version 0.29-a0-504-gec6baf379c (webtiles) character file.

Game seed: 17370429215546235882

1170 Morbidden the Sneak (level 8, -9/46 HPs)
             Began as a Tengu Enchanter on May 27, 2022.
             Was a Believer of Vehumet.
             Mangled by an ogre
             ... wielding a +0 halberd
              (15 damage)
             ... in a bailey.
             The game lasted 00:12:45 (9048 turns).

Morbidden the Sneak (Tengu Enchanter)               Turns: 9048, Time: 00:12:45

Health: -9/46      AC:  9    Str:  8    XL:     8   Next: 40%
Magic:  4/15       EV: 16    Int: 17    God:    Vehumet [**....]
Gold:   272        SH:  0    Dex: 16    Spells: 6/15 levels left

rFire   . . .      SeeInvis .   a - +2 dagger (freeze)
rCold   . . .      Faith    .   (no shield)
rNeg    . . .      Spirit   .   b - +0 robe
rPois   +          Reflect  .   (helmet restricted)
rElec   .          Harm     .   A - +1 cloak {rPois}
rCorr   .          Rampage  .   m - +0 pair of gloves
Will    .....                   (boots unavailable)
Stlth   +++.......              B - amulet of regeneration
HPRegen 0.95/turn               e - +4 ring of protection
MPRegen 0.14/turn               (no ring)

@: flying quickly and evasively, quick
A: beak, talons 3, nimble flight
a: Renounce Religion


You were in a bailey.
You worshipped Vehumet.
Vehumet was pleased with you.
You visited 2 branches of the dungeon, and saw 7 of its levels.
You also visited: Sewer, Ossuary and Bailey.

You collected 397 gold pieces.
You spent 125 gold pieces at shops.

Inventory:

Hand Weapons
 a - a +2 dagger of freezing (weapon)
Missiles
 u - 2 throwing nets (quivered)
Armour
 b - a +0 robe (worn)
 m - a +0 pair of gloves (worn)
 A - a +1 cloak of poison resistance (worn)
Jewellery
 e - a +4 ring of protection (left hand)
 n - the ring "Acofiav" {rElec rPois rF+ Str-5 SInv}
   (You bought it in a shop on level 2 of the Dungeon)

   [ring of poison resistance]

   Str:       It affects your strength (-5).
   rF:        It protects you from fire.
   rElec:     It insulates you from electricity.
   rPois:     It protects you from poison.
   SInv:      It lets you see invisible.
 B - an amulet of regeneration (around neck)
Wands
 q - a wand of acid (3)
Scrolls
 f - a scroll of blinking {unknown}
 g - 2 scrolls of enchant armour {unknown}
 h - 4 scrolls of teleportation
 j - 8 scrolls of identify
 k - 3 scrolls of enchant weapon {unknown}
 t - 3 scrolls of noise
 x - 2 scrolls of fear {unknown}
 y - 3 scrolls of fog
 z - 2 scrolls of amnesia {unknown}
 D - a scroll of immolation {unknown}
Potions
 c - 2 potions of invisibility
 d - 2 potions of degeneration
 i - 5 potions of flight
 l - 3 potions of lignification {unknown}
 o - a potion of mutation {unknown}
 r - 4 potions of magic {unknown}
 s - 3 potions of haste {unknown}
 v - a potion of attraction {unknown}
 w - 2 potions of heal wounds {unknown}
 C - a potion of curing
 E - a potion of resistance {unknown}
 F - a potion of cancellation {unknown}
 G - a potion of berserk rage {unknown}
 H - a potion of brilliance


   Skills:
 * Level 3.1 Fighting
 * Level 4.0 Short Blades
 * Level 4.0 Dodging
 + Level 5.6 Stealth
 * Level 4.1 Spellcasting
 * Level 3.6 Hexes
 * Level 2.1 Ice Magic


You had 6 spell levels left.
You knew the following spells:

 Your Spells              Type           Power      Damage    Failure   Level
a - Ensorcelled Hibernat  Hex/Ice        26%        N/A       7%          2
b - Confusing Touch       Hex            16%        N/A       11%         3
c - Tukima's Dance        Hex            16%        N/A       11%         3
z - Freeze                Ice            40%        1d6       6%          1

Your spell library contained the following spells:

 Spells                   Type           Power      Damage    Failure   Level
 Foxfire                  Conj/Fire      12%        2x1d4     16%         1
 Beastly Appendage        Tmut           6%         N/A       16%         1
 Dazzling Flash           Conj/Hex       18%        N/A       22%         3
 Wereblood                Tmut           3%         N/A       24%         2
 Spider Form              Tmut/Pois      3%         N/A       43%         3
 Animate Armour           Summ/Erth      6%         N/A       83%         4
 Blade Hands              Tmut           1%         N/A       99%         5
 Iron Shot                Conj/Erth      1%         9d1       100%        6


Dungeon Overview and Level Annotations

Branches:
Dungeon (7/15)             Temple (1/1) D:4           Sewer (visited)
Ossuary (visited)          Bailey (1/1)

Altars:
Ashenzari
Cheibriados
Dithmenos
Elyvilon
Hepliaklqana
Kikubaaqudgha
Makhleb
Okawaru
Qazlal
Ru
Trog
Uskayaw
Vehumet
Wu Jian
Xom
Yredelemnul
Zin
The Shining One

Shops:
D:2 *


Innate Abilities, Weirdness & Mutations

You have a beak for a mouth.
You have claws for feet.
Your magical nature lets you fly swiftly and evasively.


Message History

Aim: an ogre, wielding a +0 halberd (chance to affect: 47%)
The ogre looks drowsy...
Unknown command.
The ogre hits you with a +0 halberd!
The ogre shouts!
You hit the ogre. You freeze the ogre. You claw the ogre. You peck the ogre.
The ogre is moderately wounded.
The ogre barely misses you.
Unknown command.
You hit the ogre. You freeze the ogre. You claw the ogre.
The ogre is severely wounded.
The ogre hits you with a +0 halberd!!
Unknown command.
Casting: Ensorcelled Hibernation (safe; 7% risk of failure)
Confirm with . or Enter, or press ? or * to list all spells.
Aiming: Tukima's Dance (dangerous; 11% risk of failure)
Press: ? - help, Shift-Dir - straight line, f/p - ogre
Aim: an ogre, wielding a +0 halberd (severely wounded, chance to affect: 50%)
The ogre resists with some effort.
The ogre barely misses you.
Unknown command.
Casting: Tukima's Dance (dangerous; 11% risk of failure)
Confirm with . or Enter, or press ? or * to list all spells.
Aiming: Tukima's Dance (dangerous; 11% risk of failure)
Press: ? - help, Shift-Dir - straight line, f/p - ogre
Aim: an ogre, wielding a +0 halberd (severely wounded, chance to affect: 50%)
The ogre resists with some effort.
Unknown command.
Unknown command.
Casting: Tukima's Dance (dangerous; 11% risk of failure)
Confirm with . or Enter, or press ? or * to list all spells.
Okay, then.
Unknown command.
The ogre closely misses you.
The ogre hits you from afar with a +0 halberd!!
* * * LOW HITPOINT WARNING * * *
Unknown command.
Unknown command.
Unknown command.
The ogre hits you from afar with a +0 halberd!
You die...

### ##.##
##...## #..
#.....# ##..♣
##.....###..#
#...∩..≈≈≈..#
#......≈≈≈..#
#@.....≈≈≈..#
#......≈≈≈..#
#..O∩..≈≈≈..#
##.O...###..#♣
#...).# ##..#
##...## ##..#
##.## #..# ###
#... #...


You could see 2 ogres.

Vanquished Creatures
  A black bear (D:4)
  An ogre (Bailey)
  A phantom (D:4)
  A kobold brigand (Sewer)
  2 scorpions (D:5)
  A crimson imp (D:4)
  A jelly (D:5)
  A hound (D:4)
  Crazy Yiuf (D:4)
  4 iguanas
  Ijyb (D:3)
  14 mummies (Ossuary)
  A gnoll (D:1)
  11 adders
  5 river rats
  An ufetubus (D:4)
  3 worms (D:4)
  A dart slug (D:1)
  11 orcs
  7 bats
  8 endoplasms
  2 giant cockroaches
  8 hobgoblins
  14 jackals
  5 quokkas
  10 ball pythons
  8 frilled lizards
  11 goblins
  3 goblin skeletons (Ossuary)
  4 kobolds
  A kobold skeleton (Ossuary)
  4 orc skeletons (Ossuary)
  12 rats
  11 rat skeletons (Ossuary)
170 creatures vanquished.

Notes
Turn   | Place    | Note
-------+----------+-------------------------------------------
     0 | D:1      | Morbidden the Tengu Enchanter began the quest for the Orb.
     0 | D:1      | Reached XP level 1. HP: 10/10 MP: 4/4
   795 | D:1      | Reached XP level 2. HP: 5/15 MP: 6/6
  1189 | D:1      | Learned a level 2 spell: Ensorcelled Hibernation
  1955 | D:1      | Reached XP level 3. HP: 20/20 MP: 7/7
  2383 | D:1      | Found a faded altar of an unknown god.
  2820 | D:2      | Reached XP level 4. HP: 5/24 MP: 3/8
  3114 | D:2      | Reached skill level 1 in Fighting
  3118 | D:2      | Learned a level 3 spell: Confusing Touch
  3609 | D:2      | Found Wius Ane's Assorted Antiques.
  3689 | D:2      | Bought a shimmering silver ring for 125 gold pieces
  3689 | D:2      | Identified the ring "Acofiav" {rElec rPois rF+ Str-5 SInv}
                  | (You bought it in a shop on level 2 of the Dungeon)
  4080 | D:3      | Noticed Ijyb
  4088 | D:3      | Killed Ijyb
  4089 | D:3      | Gained mutation: Your magical nature lets you fly swiftly
                  | and evasively. [Tengu growth]
  4089 | D:3      | Reached XP level 5. HP: 27/29 MP: 6/9
  4246 | D:3      | Reached skill level 4 in Stealth
  4669 | D:3      | Found an iron altar of Okawaru.
  5444 | D:4      | Found a staircase to the Ecumenical Temple.
  5448 | D:4      | Noticed a black bear
  5454 | Temple   | Entered the Ecumenical Temple
  5526 | Temple   | Became a worshipper of Vehumet
  5564 | D:4      | Killed a black bear
  5565 | D:4      | Reached XP level 6. HP: 35/35 MP: 11/11
  5608 | D:4      | Found a glowing drain.
  5615 | Sewer    | Entered a sewer
  5806 | Sewer    | Reached skill level 1 in Ice Magic
  5861 | Sewer    | Reached XP level 7. HP: 40/40 MP: 12/12
  6081 | Sewer    | Reached * piety under Vehumet
  6081 | Sewer    | Offered knowledge of Freeze by Vehumet.
  6087 | Sewer    | Learned a level 1 spell: Freeze
  6934 | D:4      | Found a shadowy altar of Dithmenos.
  7278 | D:4      | Found a burning altar of Makhleb.
  7278 | D:4      | Found a shimmering altar of Xom.
  7347 | D:4      | Found a runed translucent door.
  7348 | D:4      | Noticed Crazy Yiuf
  7635 | D:4      | Killed Crazy Yiuf
  7678 | D:5      | Entered Level 5 of the Dungeon
  7716 | D:5      | Reached skill level 5 in Stealth
  7793 | D:5      | Found a sand-covered staircase.
  7809 | Ossuary  | Entered an ossuary
  8168 | Ossuary  | Learned a level 3 spell: Tukima's Dance
  8281 | Ossuary  | Reached XP level 8. HP: 45/45 MP: 12/14
  8496 | Ossuary  | Reached ** piety under Vehumet
  8557 | D:5      | Offered knowledge of Foxfire by Vehumet.
  8610 | D:5      | Identified the +4 short sword "Xoifuf" {pain, Will+}
  8968 | D:5      | You are sucked into a shaft and drop 2 floors!
  8981 | D:7      | Found a flagged portal.
  8994 | Bailey   | Entered a bailey
  9048 | Bailey   | Mangled by an ogre

Illustrated notes

Levels and vault maps discovered:
D:1:      dpeg_arrival_short_road, layout_loops_corners,
          shapermc_ecumenical_altar_hornbeckon
D:2:      layout_basic, serial_shops, shop_fountains
D:3:      minmay_chambers_of_threes, layout_loops_corners,
          okawaru_ov_weapons_minmay, minivault_25, uniq_ijyb
D:4:      layout_layer_cave, nicolae_dithmenos_through_a_glass_darkly,
          grunt_temple_overflow_champion_of_chaos,
          minmay_temple_entry_drinking_statues, lightli_sewer_entry_pipes,
          mrwooster_statue_mirror, uniq_crazy_yiuf_cottage
D:5:      layout_rooms, fedhas_altar_fruit_tree,
          lightli_ossuary_entry_decrepit_ruins
D:7:      layout_cave_pods, enter_bailey_4, uniq_pikel, uniq_joseph
Temple:   regret_index_temple_waves
Bailey:   bailey_polearm_enchanted_keep_hellmonk, bailey

Skill      XL: |  1  2  3  4  5  6  7  8 |
---------------+-------------------------+-----
Fighting       | 1 2 3 |  3.1
Short Blades   | 2 3 4 |  4.0
Stealth        | 4 5 |  5.6
Dodging        | 3 4 |  4.0
Spellcasting   | 3 4 |  4.1
Hexes          | 3 |  3.6
Ice Magic      | 1 2 |  2.1

Action                   |  1- 3 |  4- 6 |  7- 9 || total
-------------------------+-------+-------+-------++-------
Melee: Dagger            |    82 |   110 |   181 ||   373
       Kick              |    11 |    22 |    53 ||    86
       Peck              |     4 |     7 |    35 ||    46
       Punch             |     1 |       |     5 ||     6
 Cast: Ensorcelled Hiber |     9 |    28 |    23 ||    60
       Confusing Touch   |       |       |     8 ||     8
       Freeze            |       |       |     2 ||     2
       Tukima's Dance    |       |       |     2 ||     2
  Use: Potion            |     3 |     1 |       ||     4
       Scroll            |       |     4 |     2 ||     6
 Stab: Sleeping          |    12 |    34 |    38 ||    84
       Confused          |       |       |     3 ||     3
Armor: Robe              |    12 |    30 |    25 ||    67
Dodge: Dodged            |    46 |    91 |   107 ||   244

Table legend: (Time is in decaauts)
 A = Elapsed time spent in this place.
 B = Non-inter-level travel time spent in this place.
 C = Inter-level travel time spent in this place.
 D = Time resting spent in this place.
 E = Time spent auto-exploring this place.
 F = Levels seen in this place.
 G = Mean time per level.
                   A        B        C        D        E       F      G
               +--------+--------+--------+--------+--------+-----+--------+
         Total |   8683 |   8518 |    165 |   2123 |   5135 |  10 |  868.3 |
       Dungeon |   7097 |   6960 |    137 |   1778 |   4354 |   6 | 1182.8 |
        Temple |     94 |     67 |     27 |      0 |      0 |   1 |   94.0 |
         Sewer |    746 |    746 |      0 |     76 |    531 |   1 |  746.0 |
       Ossuary |    696 |    696 |      0 |    269 |    246 |   1 |  696.0 |
        Bailey |     48 |     48 |      0 |      0 |      1 |   1 |   48.0 |
               +--------+--------+--------+--------+--------+-----+--------+

Top non-repeatable levels by time:
     D:1: 2448 daAuts
     D:2: 1601 daAuts
     D:3: 1270 daAuts
     D:4: 1242 daAuts
   Sewer: 746 daAuts
 Ossuary: 696 daAuts
     D:5: 512 daAuts
  Temple: 94 daAuts
  Bailey: 48 daAuts
     D:7: 22 daAuts
